 Dungeon Crawl Stone Soup version 0.29.1-15-g9cfb28693d (webtiles) character file.

Game seed: 12108703936033710042

30 EarthwalkerPL the Trooper (level 3, -1/49 HPs)
             Began as a Minotaur Fighter on Mar 30, 2023.
             Succumbed to a hobgoblin's poison
             ... on level 2 of the Dungeon.
             The game lasted 00:01:36 (1166 turns).

EarthwalkerPL the Trooper (Minotaur Fighter)        Turns: 1166, Time: 00:01:37

Health: -1/49      AC:  7    Str: 22    XL:     3   Next: 3%
Magic:  2/2        EV:  9    Int:  5    God:
Gold:   17         SH:  4    Dex:  9    Spells: 2/2 levels left

rFire   . . .      SeeInvis .   a - +0 war axe
rCold   . . .      Faith    .   c - +0 buckler
rNeg    . . .      Spirit   .   b - +0 scale mail
rPois   .          Reflect  .   (helmet restricted)
rElec   .          Harm     .   (no cloak)
rCorr   .          Rampage  .   (no gloves)
Will    .....                   (no boots)
Stlth   ..........              (no amulet)
HPRegen 0.16/turn               (no ring)
MPRegen 0.08/turn               (no ring)

@: berserking, lethally poisoned (-1 -> -18), very quick
A: horns 2, retaliatory headbutt
a: no special abilities


You were on level 2 of the Dungeon.
You visited 1 branch of the dungeon, and saw 2 of its levels.

You collected 17 gold pieces.

Inventory:

Hand Weapons
 a - a +0 war axe (weapon)
 k - the +3 woodcutter's axe {vorpal}
   (You found it on level 2 of the Dungeon)

   It inflicts extra damage upon your enemies.
Armour
 b - a +0 scale mail (worn)
 c - a +0 buckler (worn)
Scrolls
 f - a scroll of enchant armour {unknown}
 h - a scroll of fear {unknown}
 i - a scroll of vulnerability {unknown}
 j - a scroll of teleportation {unknown}
Potions
 d - a potion of might
 e - a potion of heal wounds {unknown}
 g - a potion of berserk rage
 l - 2 potions of haste {unknown}


   Skills:
 * Level 4.2 Fighting
 * Level 3.0 Axes
 * Level 4.0 Armour
 + Level 3.8 Shields


You had 2 spell levels left.
You didn't know any spells.
Your spell library was empty.

Dungeon Overview and Level Annotations

Branches:
Dungeon (2/15)

Altars:


Innate Abilities, Weirdness & Mutations

You have a pair of horns on your head.
You reflexively headbutt those who attack you in melee.


Message History

An adder comes into view.
The adder bites you.
You barely miss the adder. Your headbutt misses the adder.
You hit the hobgoblin but do no damage.
You feel very sick. The hobgoblin completely misses you.
You block the adder's attack.
The hobgoblin hits you with a +0 dagger of venom.
You are lethally poisoned!
The adder bites you.
You slash the adder!
The adder is heavily wounded.
You barely miss the hobgoblin.
You feel very sick. The adder bites you but does no damage.
The hobgoblin hits you but does no damage.
You are more poisoned.
You are too injured to fight recklessly!
Unknown command.
You are too injured to fight recklessly!
Unknown command.
It was a potion of berserk rage.
A red film seems to cover your vision as you go berserk!
You feel yourself moving faster!
You feel mighty!
* * * LOW HITPOINT WARNING * * *
You feel very sick. The adder bites you.
* * * LOW HITPOINT WARNING * * *
The hobgoblin hits you with a +0 dagger of venom.
* * * LOW HITPOINT WARNING * * *
The adder barely misses you.
You are too berserk!
Unknown command.
You slash the hobgoblin!
You kill the hobgoblin!
You barely miss the adder.
* * * LOW HITPOINT WARNING * * *
You feel very sick.
An endoplasm comes into view.
The adder closely misses you.
You die...

### #.### #..# #.#
#..## #.### ###
###...# #...# ...
#...#.#
##..###.###...#.#
#....#.#...###.#
#..#.#J#..##...#
##.#....SS##.#######.
#.#.####@.....!.....
#.#.........########
#.#######....... ##
#.# #.#.#### .# #..
...#^# .#### #####.#
..... #.# ..##.# #.#
......


You could see 2 adders and an endoplasm (wandering).

Vanquished Creatures
  A dart slug (D:2)
  4 ball pythons
  3 bats (D:1)
  4 endoplasms
  A giant cockroach (D:1)
  2 goblins
  3 hobgoblins
  3 frilled lizards
  2 kobolds
  3 rats (D:1)
26 creatures vanquished.

Notes
Turn   | Place    | Note
-------+----------+-------------------------------------------
     0 | D:1      | EarthwalkerPL the Minotaur Fighter began the quest for the
                  | Orb.
     0 | D:1      | Reached XP level 1. HP: 19/19 MP: 0/0
   285 | D:1      | Reached XP level 2. HP: 27/27 MP: 1/1
   329 | D:1      | Found a faded altar of an unknown god.
  1028 | D:2      | Found the +3 woodcutter's axe {vorpal}
  1108 | D:2      | Reached XP level 3. HP: 29/33 MP: 2/2
  1165 | D:2      | HP: 2/49 [poisoned by a hobgoblin]
  1166 | D:2      | Succumbed to a hobgoblin's poison

Illustrated notes

Levels and vault maps discovered:
D:1:      minmay_arrival_four_houses, layout_basic, ebering_ecumenical_altar_box
D:2:      layout_loops_ring, minmay_quantized

Skill      XL: |  1  2 |
---------------+-------+-----
Fighting       | 4 |  4.2
Axes           | 3 |  3.0
Armour         | 4 |  4.0
Shields        | |  3.8

Action                   || total
-------------------------++-------
Melee: War axe           ||    53
       Headbutt          ||     2
  Use: Potion            ||     1
Armor: Scale mail        ||    26
Dodge: Dodged            ||    27
Block: Buckler           ||    10
